 Dungeon Crawl Stone Soup version 0.29-a0-337-g68df138881 (webtiles) character file.

Game seed: 4438835860390352732

31 Jortsu the Skirmisher (level 3, -12/33 HPs)
             Began as a Hill Orc Fighter on Apr 16, 2022.
             Mangled by an ogre
             ... wielding a +0 giant club
              (16 damage)
             ... on level 2 of the Dungeon.
             The game lasted 00:01:17 (1037 turns).

Jortsu the Skirmisher (Hill Orc Fighter)            Turns: 1037, Time: 00:01:18

Health: -12/33     AC:  7    Str: 20    XL:     3   Next: 22%
Magic:  3/3        EV:  9    Int:  8    God:
Gold:   45         SH:  4    Dex: 10    Spells: 2/2 levels left

rFire   . . .      SeeInvis .   a - +0 war axe
rCold   . . .      Faith    .   c - +0 buckler
rNeg    . . .      Spirit   .   b - +0 scale mail
rPois   .          Reflect  .   (no helmet)
rElec   .          Harm     .   (no cloak)
rCorr   .          Rampage  .   (no gloves)
Will    .....                   (no boots)
Stlth   ..........              (no amulet)
HPRegen 0.11/turn               (no ring)
MPRegen 0.08/turn               (no ring)

@: mighty
A: no striking features
a: no special abilities


You were on level 2 of the Dungeon.
You visited 1 branch of the dungeon, and saw 2 of its levels.

You collected 45 gold pieces.

Inventory:

Hand Weapons
 a - a +0 war axe (weapon)
Armour
 b - a +0 scale mail (worn)
 c - a +0 buckler (worn)
Scrolls
 g - a scroll of fear {unknown}
 h - a scroll of enchant armour {unknown}
 i - a scroll of identify {unknown}
Potions
 d - a potion of might
 e - a potion of curing {unknown}
 f - a potion of mutation {unknown}


   Skills:
 + Level 4.1 Fighting
 + Level 3.1 Axes
 + Level 3.7 Armour
 + Level 3.6 Shields


You had 2 spell levels left.
You didn't know any spells.
Your spell library was empty.

Dungeon Overview and Level Annotations

Branches:
Dungeon (2/15)

Altars:


Message History

You open the door.
There is an open door here.
Found a faded altar of an unknown god.
A rat comes into view.
A rat is nearby!
Found a whip.
The rat bites you but does no damage.
You barely miss the rat. The rat bites you but does no damage.
The rat barely misses you.
You slash the rat!
You kill the rat!
You see here a rat corpse.
h - a scroll labelled RYUHEA HIRAON
Found a stone staircase leading down.
Found a mace.
i - a scroll labelled VENUSA BAAQA You see here a +0 mace.
You open the door.
There is an open door here.
You open the door.
An endoplasm comes into view.
The endoplasm quivers.
An endoplasm is nearby!
The endoplasm barely misses you.
There is an open door here.
You slash the endoplasm!
You kill the endoplasm!
You open the door.
An ogre comes into view. It is wielding a +0 giant club.
The ogre shouts!
There is an open door here.
An ogre is nearby!
You feel very mighty all of a sudden. The ogre hits you with a +0 giant club!
You barely miss the ogre. The ogre hits you with a +0 giant club!
* * * LOW HITPOINT WARNING * * *
You slash the ogre!
The ogre is moderately wounded.
The ogre hits you with a +0 giant club!
You die...

#.# #.....# # +.+
#.....# # #.# #.#.....#
# +##.# #.#.....# #
.... ..#.....# #
#.####.#..#### #
+.'..#.#..#### ###
#.#..#.#.....# #..
####@##'#.#..#.####.#
#.....O.....#).#...##.#
#.####.##'#.#..###.#...
+.'..#.#.>#...#.#.
#.#..#.#.##.#.#.#♣
#.####.#.##.♣♣♣♣ ♣
..........#♣♣...♣ ♣
#########.# ♣♣♣.♣♣♣
.........# ♣♣)..


You could see an ogre.

Vanquished Creatures
  A dart slug (D:1)
  A ball python (D:1)
  4 endoplasms
  A giant cockroach (D:1)
  5 goblins (D:1)
  2 hobgoblins (D:1)
  2 jackals (D:1)
  A quokka (D:1)
  2 bats (D:1)
  A frilled lizard (D:1)
  3 kobolds
  3 rats
26 creatures vanquished.

Notes
Turn   | Place    | Note
-------+----------+-------------------------------------------
     0 | D:1      | Jortsu the Hill Orc Fighter began the quest for the Orb.
     0 | D:1      | Reached XP level 1. HP: 19/19 MP: 1/1
    73 | D:1      | Reached XP level 2. HP: 26/27 MP: 2/2
   297 | D:1      | Reached skill level 4 in Fighting
   531 | D:1      | Reached XP level 3. HP: 33/33 MP: 3/3
   926 | D:2      | Found a faded altar of an unknown god.
  1031 | D:2      | Noticed an ogre
  1037 | D:2      | Mangled by an ogre

Illustrated notes

Levels and vault maps discovered:
D:1:      lightli_arrival_farm, layout_basic, st_stairs_11, minmay_pentomino_r2
D:2:      minmay_door_path, layout_basic, serial_shops, shop,
          shapermc_ecumenical_altar_totnotflames, wad_orctagon

Skill      XL: |  1  2 |
---------------+-------+-----
Fighting       | 4 |  4.1
Axes           | 3 |  3.1
Armour         | |  3.7
Shields        | |  3.6

Action                   || total
-------------------------++-------
Melee: War axe           ||    68
  Use: Scroll            ||     1
       Potion            ||     1
Armor: Scale mail        ||    35
Dodge: Dodged            ||    25
Block: Buckler           ||    16

Table legend: (Time is in decaauts)
 A = Elapsed time spent in this place.
 B = Non-inter-level travel time spent in this place.
 C = Inter-level travel time spent in this place.
 D = Time resting spent in this place.
 E = Time spent auto-exploring this place.
 F = Levels seen in this place.
 G = Mean time per level.
                   A        B        C        D        E       F      G
               +--------+--------+--------+--------+--------+-----+--------+
         Total |   1079 |   1037 |     42 |      0 |    821 |   2 |  539.5 |
       Dungeon |   1079 |   1037 |     42 |      0 |    821 |   2 |  539.5 |
               +--------+--------+--------+--------+--------+-----+--------+

Top non-repeatable levels by time:
     D:1: 869 daAuts
     D:2: 209 daAuts
